 Dungeon Crawl Stone Soup version 0.25.1-2-g60ff931df9 (webtiles) character file.

Game seed: 18124017108159251267

5110 Garessta the Covert (level 10, -2/68 HPs)
             Began as a Vampire Assassin on Oct 14, 2020.
             Was a Follower of Uskayaw.
             Hit by a large rock thrown by a stone giant (33 damage)
             ... on level 9 of the Dungeon.
             The game lasted 00:39:21 (11311 turns).

Garessta the Covert (Vampire Assassin)             Turns: 11311, Time: 00:39:21

Health: -2/68      AC:  9    Str: 10    XL:     10   Next: 32%
Magic:  12/12      EV: 31    Int: 16    God:    Uskayaw [*.....]
Gold:   395        SH:  0    Dex: 25    Spells: 9/9 levels left

rFire    + . .     SeeInvis +   B - +3 dagger "Ibuloy" {speed, +Fly}
rCold    + + .     Gourm    .   (no shield)
rNeg     + + +     Faith    .   y - +2 leather armour {rF+}
rPois    ∞         Spirit   .   (no helmet)
rElec    .         Reflect  .   c - +1 cloak
rCorr    .         Harm     .   w - +0 pair of gloves
MR       +....     Clarity  +   A - +0 pair of boots {run}
Stlth    +++++++++.             L - amulet of the acrobat
HPRegen  0.00/turn              o - +6 ring of dexterity
MPRegen  0.13/turn              g - ring of stealth

@: acrobat, bloodless, quick
A: no food, fangs 3, see invisible, clarity, clever 1, unbreathing
a: Bat Form, Revivify, Stomp, Renounce Religion, Evoke Flight


You were on level 9 of the Dungeon.
You worshipped Uskayaw.
Uskayaw was noncommittal.
You were bloodless.

You visited 2 branches of the dungeon, and saw 10 of its levels.

You collected 568 gold pieces.
You spent 173 gold pieces at shops.

Inventory:

Hand Weapons
 B - the +3 dagger "Ibuloy" (weapon) {speed, +Fly}
   (You found it on level 4 of the Dungeon)

   Attacks with this weapon are significantly faster.
   It lets you fly.
Missiles
 d - 40 poisoned darts
 e - 2 curare-tipped darts (quivered)
 f - 2 silver javelins
Armour
 c - a +1 cloak (worn)
 w - a +0 pair of gloves (worn)
 y - a +2 leather armour of fire resistance (worn)
 A - a +0 pair of boots of running (worn)
Jewellery
 a - an uncursed amulet of guardian spirit
 g - a ring of stealth (right hand)
 o - a +6 ring of dexterity (left hand)
 r - an uncursed amulet of magic regeneration
 C - an uncursed ring of flight
 L - an amulet of the acrobat (around neck)
Wands
 m - a wand of polymorph (17)
 E - a wand of disintegration (6)
 G - a wand of digging (3)
 J - a wand of enslavement (7)
Scrolls
 b - a scroll of fear
 l - a scroll of amnesia
 n - 2 scrolls of identify
 v - 2 scrolls of blinking
 z - 3 scrolls of teleportation
 F - 2 scrolls of remove curse
 H - a scroll of magic mapping {unknown}
 K - a scroll of enchant weapon {unknown}
 N - a scroll of fog {unknown}
Potions
 h - a potion of haste
 i - 2 potions of brilliance
 j - 3 potions of curing
 k - 2 potions of berserk rage
 p - a potion of invisibility {unknown}
 q - 2 potions of resistance
 s - a potion of might {unknown}
 t - 2 potions of stabbing
 u - 4 potions of heal wounds
 x - 2 potions of cancellation
 D - a potion of ambrosia {unknown}
 I - a potion of magic {unknown}
 M - a potion of flight {unknown}


   Skills:
 + Level 9.9 Fighting
 + Level 3.1 Short Blades
 + Level 4.0 Throwing
 + Level 5.0 Dodging
 + Level 12.7 Stealth
 + Level 3.8 Invocations


You had 9 spell levels left.
You didn't know any spells.
Your spell library contained the following spells:

 Spells                   Type           Power        Failure   Level  Hunger
 Summon Small Mammal      Summ           #...         34%         1    N/A
 Call Imp                 Summ           #.......     45%         2    N/A
 Call Canine Familiar     Summ           #.......     71%         3    N/A
 Summon Guardian Golem    Hex/Summ       #.......     71%         3    N/A
 Summon Ice Beast         Ice/Summ       #.......     98%         4    N/A
 Summon Lightning Spire   Summ/Air       #.......     98%         4    N/A

Dungeon Overview and Level Annotations

Branches:
Dungeon (9/15)             Temple (1/1) D:6
   Lair: D:8-11         Orc: D:9-12

Altars:
Ashenzari
Cheibriados
Dithmenos
Elyvilon
Fedhas
Gozag
Hepliaklqana
Kikubaaqudgha
Makhleb
Nemelex Xobeh
Okawaru
Qazlal
Ru
Sif Muna
Trog
Uskayaw
Vehumet
Wu Jian
Xom
Yredelemnul
Zin
The Shining One

Shops:
D:7 *

Annotations:
D:2 exclusion: oklob plant
D:4 DogServant's ghost, amateur TeHu; toph's ghost, amateur GrFi


Innate Abilities, Weirdness & Mutations

You do not eat.
You do not regenerate when monsters are visible.
You are frail without blood (-20% HP).
You can heal yourself when you bite living creatures.
You are immune to poison.
You have razor-sharp teeth.
You have supernaturally acute eyesight. (SInv)
You can survive without breathing.
You possess an exceptional clarity of mind.
Your mind is acute. (Int +2)


Message History

You kill the unseen horror!
Your Short Blades skill increases to level 3!
Your Throwing skill increases to level 4!
Your Dodging skill increases to level 5!
Uskayaw will force your foes to helplessly watch your dance.
You start resting.
You can no longer pass through a line of other dancers.
Magic restored.
You start resting.
HP restored.
There is an open door here.
e - 2 curare-tipped darts (gained 1)
f - a silver javelin
f - 2 silver javelins (gained 1)
You open the door.
The stone giant shouts!
The stone giant throws a large rock.
The large rock hits you!!!
Ouch! That really hurt!
The stone giant throws a large rock.
The large rock hits you!!
You die...

#######........
........######.
#######.# #. #.# #.
#.# #. #########
#.######. #...#...#
#.)...... #...'...+
#.######_ #...#@(.#
##.# ##'###'######..#
#...#).$#...##.#
#..†#.C.#...##.#
#...#|.)#...##.#
##'#######'###.######.
#...#...#...##........
#...'.).'...'..######.
#...#...#...##.#


You could see a stone giant.

Vanquished Creatures
  2 unseen horrors (D:9)
  Pikel (D:6)
  Joseph (D:8)
  A spriggan (D:7)
  A shadow (D:9)
  A hungry ghost (D:8)
  An orc warrior (D:6)
  A sky beast (D:5)
  A slave (D:6)
  A black bear (D:6)
  2 ice beasts
  A necrophage (D:8)
  An ogre (D:9)
  4 centaurs
  3 phantoms
  2 big kobolds (D:8)
  2 bullfrogs
  A wyvern skeleton (D:9)
  A scorpion (D:8)
  A howler monkey (D:8)
  7 crimson imps
  A bullfrog zombie (D:5)
  A quasit (D:8)
  4 hounds
  A jelly (D:8)
  5 orc priests
  7 orc wizards
  3 worker ants
  A killer bee zombie (D:5)
  A hound skeleton (D:8)
  A worker ant zombie (D:8)
  A howler monkey zombie (D:7)
  7 gnolls
  13 adders
  2 shadow imps (D:5)
  An ooze (D:2)
  An adder skeleton (D:8)
  An adder zombie (D:8)
  3 worms
  A dart slug (D:1)
  5 leopard geckos
  19 orcs
  2 ball pythons
  A bat zombie (D:3)
  2 giant cockroaches
  2 goblins (D:2)
  6 hobgoblins
  17 jackals
  14 kobolds
  4 bats
  A frilled lizard (D:2)
  A jackal skeleton (D:4)
  A leopard gecko skeleton (D:7)
  A quokka skeleton (D:4)
  7 rats
  2 rat zombies (D:3)
176 creatures vanquished.

Vanquished Creatures (others)
  A butterfly (D:6)
1 creature vanquished.

Grand Total: 177 creatures vanquished

Notes
Turn   | Place    | Note
-------+----------+-------------------------------------------
     0 | D:1      | Garessta the Vampire Assassin began the quest for the Orb.
     0 | D:1      | Reached XP level 1. HP: 16/16 MP: 1/1
    74 | D:1      | Reached skill level 6 in Stealth
   298 | D:1      | Reached XP level 2. HP: 17/17 MP: 2/2
   899 | D:2      | Found a sacrificial altar of Ru.
   949 | D:2      | Found a glowing silver altar of Zin.
   988 | D:2      | Reached XP level 3. HP: 20/22 MP: 3/3
  1033 | D:2      | Found a basalt altar of Yredelemnul.
  1517 | D:2      | Found a blossoming altar of Fedhas.
  1528 | D:2      | Noticed an oklob plant
  2095 | D:3      | Reached XP level 4. HP: 22/28 MP: 0/4
  2369 | D:3      | Found an iron altar of Okawaru.
  2372 | D:3      | Reached skill level 7 in Stealth
  2412 | D:3      | Found an ancient bone altar of Kikubaaqudgha.
  2487 | D:3      | Found a sparkling altar of Nemelex Xobeh.
  2560 | D:3      | Found an opulent altar of Gozag.
  2764 | D:3      | Found a faded altar of an unknown god.
  2927 | D:4      | Reached XP level 5. HP: 32/33 MP: 3/5
  3030 | D:4      | Identified a +0 pair of boots of running (You found it on
                  | level 4 of the Dungeon)
  3179 | D:4      | Got a twisted dagger
  3332 | D:4      | Found a runed translucent gate.
  3332 | D:4      | Found a runed translucent gate.
  3332 | D:4      | Found a runed translucent gate.
  3336 | D:4      | Noticed DogServant's ghost (amateur TeHu)
  3336 | D:4      | Noticed toph's ghost (amateur GrFi)
  3628 | D:4      | Identified the +3 dagger "Ibuloy" {speed, +Fly} (You found
                  | it on level 4 of the Dungeon)
  3763 | D:5      | Entered Level 5 of the Dungeon
  4736 | D:5      | Noticed a phantom
  4736 | D:5      | Noticed a sky beast
  4761 | D:5      | Killed a sky beast
  4761 | D:5      | Reached skill level 5 in Fighting
  4761 | D:5      | Reached skill level 8 in Stealth
  4761 | D:5      | Reached XP level 6. HP: 40/40 MP: 6/6
  4876 | D:6      | Noticed a slave
  4876 | D:6      | Noticed a slave
  4938 | D:6      | Noticed Pikel
  4991 | D:6      | Killed a slave
  5072 | D:6      | Noticed a slave
  5072 | D:6      | Noticed a slave
  5099 | D:6      | Killed Pikel
  5099 | D:6      | Reached skill level 10 in Stealth
  5099 | D:6      | Reached XP level 7. HP: 31/48 MP: 4/7
  5310 | D:6      | Reached XP level 8. HP: 53/53 MP: 8/8
  6158 | D:6      | Found a staircase to the Ecumenical Temple.
  6164 | Temple   | Entered the Ecumenical Temple
  6200 | Temple   | Became a worshipper of Uskayaw the Reveler
  7034 | D:7      | Reached skill level 11 in Stealth
  7034 | D:7      | Reached * piety under Uskayaw
  7062 | D:7      | Found a radiant altar of Vehumet.
  7145 | D:7      | Found Letziu's Assorted Antiques.
  7149 | D:7      | Bought an emerald potion for 20 gold pieces
  7149 | D:7      | Bought 2 murky blue potions for 41 gold pieces
  7149 | D:7      | Bought a scroll of remove curse for 69 gold pieces
  7149 | D:7      | Bought a scroll labeled VEMAUD YF DAYST for 23 gold pieces
  7149 | D:7      | Bought a metallic red potion for 20 gold pieces
  7352 | D:7      | Reached ** piety under Uskayaw
  7374 | D:7      | Reached *** piety under Uskayaw
  7386 | D:7      | Reached **** piety under Uskayaw
  7392 | D:7      | Reached ***** piety under Uskayaw
  7657 | D:7      | Reached skill level 1 in Invocations
  7752 | D:7      | Found a stormy altar of Qazlal.
  7759 | D:7      | Found a hazy altar of Hepliaklqana.
  8090 | D:7      | Gained mutation: You possess an exceptional clarity of
                  | mind. [potion of mutation]
  8090 | D:7      | Gained mutation: Your mind is acute. (Int +2) [potion of
                  | mutation]
  8146 | D:8      | Reached XP level 9. HP: 60/60 MP: 10/10
  9462 | D:8      | Reached skill level 12 in Stealth
  9503 | D:8      | Noticed Joseph
  9512 | D:8      | Killed Joseph
 10291 | D:8      | Found a burning altar of Makhleb.
 10902 | D:9      | Found a glowing golden altar of the Shining One.
 11013 | D:9      | Reached XP level 10. HP: 52/67 MP: 9/12
 11083 | D:9      | Noticed an unseen horror
 11086 | D:9      | Killed an unseen horror
 11091 | D:9      | Noticed a stone giant
 11248 | D:9      | Noticed an unseen horror
 11259 | D:9      | Killed an unseen horror
 11259 | D:9      | Reached skill level 5 in Dodging
 11311 | D:9      | Hit by a large rock thrown by a stone giant

Illustrated notes

Levels and vault maps discovered:
D:1:      minmay_arrival_three_doors, layout_basic
D:2:      layout_rooms, nicolae_overflow_crystal_walls, zin_academy,
          nicolae_overflow_hidden_temple, tgw_fedhas
D:3:      layout_basic, nemelex_xobeh_ov_fountains_minmay,
          lemuel_zombie_altar_kikubaaqudgha, grunt_gozag_breadcrumbs,
          chequers_ecumenical_altar_grove, okawaru_ov_weapons_minmay
D:4:      layout_basic, gammafunk_ghost_cemetery, first_ration
D:5:      layout_basic
D:6:      layout_layer_cave, minmay_temple_entry_butterflies, uniq_pikel
D:7:      layout_loops_corners, lemuel_round_altar,
          amethyst_overflow_temple_binary, serial_shops, shop, the_bakery,
          due_unseen_surprise
D:8:      minmay_recursive_quarters, layout_basic, grunt_ministairs_4,
          makhleb_blood_cavern_becter, uniq_joseph
D:9:      layout_small_grid, overflow_temple_1_default, serial_shops, shop,
          minmay_evil_grid, uniq_psyche
Temple:   jpeg_temple_clearing

Skill      XL: |  1  2  3  4  5  6  7  8  9 10 |
---------------+-------------------------------+-----
Fighting       | 2 3 4 5 7 8 9 |  9.9
Stealth        | 6 7 8 10 11 12 | 12.7
Throwing       | 2 3 4 |  4.0
Invocations    | 1 3 |  3.8
Dodging        | 2 4 5 |  5.0
Short Blades   | 3 |  3.1

Action                   |  1- 3 |  4- 6 |  7- 9 | 10-12 || total
-------------------------+-------+-------+-------+-------++-------
Melee: Dagger            |    74 |   121 |   535 |    25 ||   755
       Bite              |     8 |    15 |    85 |     4 ||   112
Throw: Dart              |     9 |     7 |    43 |     1 ||    60
       Javelin           |       |       |       |     2 ||     2
Invok: Line Pass         |       |       |     9 |     1 ||    10
       Stomp             |       |       |    12 |     1 ||    13
 Abil: Exsanguinate      |     1 |       |       |       ||     1
  Use: Scroll            |     8 |     8 |     5 |       ||    21
       Potion            |       |       |     1 |       ||     1
 Stab: Sleeping          |    16 |    22 |    18 |     3 ||    59
       Distracted        |     1 |       |     1 |       ||     2
       Paralysed         |       |       |     8 |       ||     8
       Confused          |       |       |     2 |       ||     2
Armor: Robe              |    22 |    11 |       |       ||    33
       Leather armour    |       |    20 |   108 |     8 ||   136
Dodge: Dodged            |    37 |    55 |   235 |    16 ||   343
